AoeStats
← von.fan1li

Arabia

504488652Analyzed
1v1 RM · 27d ago on Sep 5, 2026· 46m 3s· 2 players
Game mode
Random Map
Map size
Tiny (2 player)
Population
200
Speed
Normal
Resources
Standard
Victory
Conquest
Starting age
Dark Age
Ending age
Imperial Age
RankedLock teamsTeams togetherTeam positionsShared explorationLock speedFull tech treeHidden civsTurbo modeCheats
Victory
Defeat
🇨🇳 Khitans · China
1230
+17
🇧🇷 Burgundians · Brazil
1248
-17
von.fan1li
7:07 Loom
9:23 Feudal Age
9:26 Man-at-Arms
15:36 Fletching
23:19 Castle Age
21:56 Gold Mining
22:34 Scale Barding Armor
22:58 Double-Bit Axe
23:34 Forging
24:38 Chain Barding Armor
25:53 Husbandry
26:43 Iron Casting
31:59 Bow Saw
34:59 Bodkin Arrow
39:28 Wheelbarrow
38:39 Town Watch
38:38 Domestication
40:05 Scale Mail Armor
40:32 Ballistics
40:47 Stone Mining
44:25 Imperial Age
42:20 Hand Cart
42:05 Town Patrol
42:33 Chain Mail Armor
45:19 Bracer
45:49 Plate Mail Armor
44:55 Light Cavalry
46:19 Conscription
Thi FJ 1989
6:11 Double-Bit Axe
6:58 Loom
10:01 Feudal Age
10:06 Horse Collar
24:36 Castle Age
25:31 Husbandry
24:52 Cavalier
26:02 Pikeman
26:42 Squires
28:24 Wheelbarrow
27:35 Town Watch
28:41 Scale Barding Armor
28:47 Forging
32:12 Chain Barding Armor
32:50 Scale Mail Armor
33:25 Iron Casting
41:14 Chain Mail Armor
47:08 Imperial Age
Connection lost

Rejoining the realm…

Still unreachable

The connection could not be restored.

Session expired

The server has moved on; the page needs a fresh start.